 Dungeon Crawl Stone Soup version 0.30-a0-924-g0ad0bf95bc (webtiles) character file.

Game seed: 6537607341405225054

125 hikkokomori the Shooter (level 5, 0/41 HPs)
             Began as a Barachi Hunter on Mar 23, 2023.
             Slain by Robin
             ... wielding a +0 short sword
              (4 damage)
             ... on level 3 of the Dungeon.
             The game lasted 00:03:19 (1511 turns).

hikkokomori the Shooter (Barachi Hunter)            Turns: 1511, Time: 00:03:19

Health: 0/41       AC:  5    Str: 12    XL:     5   Next: 9%
Magic:  5/5        EV: 13    Int:  9    God:
Gold:   156        SH:  0    Dex: 18    Spells: 4/4 levels left

rFire   . . .      SeeInvis .    a - +0 shortbow
rCold   . . .      Faith    .    (shield currently unavailable)
rNeg    . . .      Spirit   .    c - +0 leather armour
rPois   .          Reflect  .    (no helmet)
rElec   .          Rampage  .    (no cloak)
rCorr   .                        d - +0 pair of gloves
Will    .....                    r - +0 pair of boots
Stlth   ++                       (no amulet)
HPRegen 0.26/turn                (no ring)
MPRegen 0.09/turn                (no ring)

@: slow
A: amphibious, slowness 1, strong legs 1, +LOS
a: Hop


You were on level 3 of the Dungeon.
You visited 1 branch of the dungeon, and saw 3 of its levels.

You collected 156 gold pieces.

Inventory:

Hand Weapons
 a - a +0 shortbow (weapon)
Armour
 c - a +0 leather armour (worn)
 d - a +0 pair of gloves (worn)
 p - the +4 chain mail of the Frog {rC+ Str-2 Int+6 Dex+3}
   (You found it on level 2 of the Dungeon)

   Str:       It affects your strength (-2).
   Int:       It affects your intelligence (+6).
   Dex:       It affects your dexterity (+3).
   rC:        It protects you from cold.
 r - a +0 pair of boots (worn)
Magical Staves
 s - a staff of earth
Jewellery
 e - a ring of protection from fire
 h - an amulet of guardian spirit
Scrolls
 b - a scroll of immolation
 f - 2 scrolls of fog {unknown}
 i - 3 scrolls of poison
 l - 3 scrolls of identify {unknown}
 m - 3 scrolls of teleportation {unknown}
Potions
 g - a potion of degeneration {unknown}
 j - 3 potions of cancellation {unknown}
 k - a potion of lignification {unknown}
 n - a potion of berserk rage {unknown}
 o - a potion of curing {unknown}
 q - a potion of magic {unknown}


   Skills:
 + Level 3.6 Fighting
 + Level 4.6 Ranged Weapons
 + Level 3.3 Dodging
 + Level 2.4 Stealth


You had 4 spell levels left.
You didn't know any spells.
Your spell library contained the following spells:

 Spells                   Type           Power      Damage    Failure   Level
 Summon Small Mammal      Summ           0%         N/A       45%         1
 Sublimation of Blood     Necr           0%         N/A       61%         2
 Wereblood                Tmut           0%         N/A       61%         2
 Call Canine Familiar     Summ           0%         N/A       83%         3
 Summon Guardian Golem    Hex/Summ       0%         N/A       83%         3
 Summon Lightning Spire   Summ/Air       0%         N/A       99%         4
 Storm Form               Tmut/Air       0%         N/A       100%        7
 Summon Hydra             Summ           0%         N/A       100%        7
 Maxwell's Capacitive Co  Air            0%         ∞         100%        8


Dungeon Overview and Level Annotations

Branches:
Dungeon (3/15)

Altars:
Cheibriados
Dithmenos

Annotations:
D:3 Robin


Innate Abilities, Weirdness & Mutations

You are amphibious.
You cover ground slowly.
You can hop short distances.
You have an extended range of vision and can be seen from far away.


Message History

Robin of the Strong Arm comes into view.
They are wielding a +0 short sword.
The goblin shouts!
You shoot an arrow. The arrow barely misses Robin.
The goblin shouts!
Robin hits you with a +0 short sword.
You shoot an arrow. The arrow hits Robin.
Robin is lightly wounded.
Robin roars a battlecry!
The goblins go into a battle-frenzy!
You shoot an arrow.
The arrow hits Robin but does no damage.
Robin is lightly wounded.
Robin throws the goblin at you! The goblin completely misses you.
Robin hits you with a +0 short sword. The goblin hits you but does no damage.
You are too injured to fight recklessly!
You shoot an arrow.
The arrow hits the goblin but does no damage.
Robin throws the goblin at you! The goblin hits you with a +0 dagger.
The goblin hits you but does no damage.
Unknown command.
Okay, then.
The air fills with toxic fumes!
As you read the scroll labelled TOONAGEADU, it crumbles to dust.
It was a scroll of poison.
Robin hits you with a +0 short sword. The goblin hits you but does no damage.
The goblin barely misses you.
You shoot an arrow. The arrow hits the goblin.
The goblin is heavily wounded.
Something unseen opens the door.
The goblin hits you with a +0 dagger.
* * * LOW HITPOINT WARNING * * *
Robin closely misses you. The goblin closely misses you.
You shoot an arrow. The arrow closely misses the goblin.
Robin closely misses you.
A hobgoblin comes into view.
The goblin hits you with a +0 dagger.
* * * LOW HITPOINT WARNING * * *
The goblin closely misses you.
You shoot an arrow. The arrow closely misses the goblin.
The hobgoblin shouts!
Robin hits you with a +0 short sword.
You die...

#§# #.# #§# #.# #§# #.#
#§####.## #§§.....# ####g#
#g###.#§#
...§§§§§###§###§§§########
...§§§§§§gg§g§§§§§§§......
.......####@###.#.#######
#......####g# #.#.# .
#...†§§# #.#.# . #...
#.####§###.#.####.# .
#....# #§§........... .
#..#.. #§§##.#.####..
#.w##..####§§##.#.#
..###..#..§§§§....#
..###..####§#######


You could see Robin, 2 hobgoblins and 3 goblins.

Vanquished Creatures
  4 adders
  4 worms
  3 dart slugs
  An orc (D:3)
  6 bats
  4 endoplasms
  2 giant cockroaches
  7 goblins
  8 hobgoblins
  13 jackals
  A kobold (D:3)
  3 ball pythons
  3 frilled lizards
  5 rats
64 creatures vanquished.

Notes
Turn   | Place    | Note
-------+----------+-------------------------------------------
     0 | D:1      | hikkokomori the Barachi Hunter began the quest for the Orb.
     0 | D:1      | Reached XP level 1. HP: 17/17 MP: 1/1
    68 | D:1      | Reached skill level 1 in Stealth
   186 | D:1      | Reached XP level 2. HP: 23/23 MP: 2/2
   560 | D:1      | Reached XP level 3. HP: 24/28 MP: 3/3
   753 | D:2      | Identified the +4 chain mail of the Frog {rC+ Str-2 Int+6
                  | Dex+3}
   853 | D:2      | Reached XP level 4. HP: 32/35 MP: 4/4
  1124 | D:3      | Found a faded altar of an unknown god.
  1195 | D:3      | Found a snail-covered altar of Cheibriados.
  1377 | D:3      | Found a shadowy altar of Dithmenos.
  1497 | D:3      | Reached XP level 5. HP: 28/41 MP: 5/5
  1503 | D:3      | Noticed Robin
  1511 | D:3      | Slain by Robin

Illustrated notes

Levels and vault maps discovered:
D:1:      psy_arrival_terrarium, layout_basic
D:2:      layout_rooms
D:3:      layout_basic, cheibrodos_worm_habitat, lemuel_round_altar,
          dreamdust_ecumenical_altar_statues, hangedman_glass_teeth, uniq_robin,
          uniq_ijyb

Skill      XL: |  1  2  3  4 |
---------------+-------------+-----
Stealth        | 1 2 |  2.4
Fighting       | 3 |  3.6
Dodging        | 3 |  3.3
Ranged Weapons | |  4.6

Action                     |  1- 3 |  4- 6 || total
---------------------------+-------+-------++-------
   Fire: Shortbow          |   103 |    77 ||   180
    Use: Scroll            |       |     1 ||     1
 Armour: Leather armour    |    27 |    11 ||    38
  Dodge: Dodged            |    36 |    37 ||    73

Table legend: (Time is in decaauts)
 A = Elapsed time spent in this place.
 B = Non-inter-level travel time spent in this place.
 C = Inter-level travel time spent in this place.
 D = Time resting spent in this place.
 E = Time spent auto-exploring this place.
 F = Levels seen in this place.
 G = Mean time per level.
                   A        B        C        D        E       F      G
               +--------+--------+--------+--------+--------+-----+--------+
         Total |   1808 |   1799 |      9 |      0 |   1351 |   3 |  602.7 |
       Dungeon |   1808 |   1799 |      9 |      0 |   1351 |   3 |  602.7 |
               +--------+--------+--------+--------+--------+-----+--------+

Top non-repeatable levels by time:
     D:1: 834 daAuts
     D:2: 506 daAuts
     D:3: 466 daAuts
